 Dungeon Crawl Stone Soup version 0.18.1-1-g2f07953 (webtiles) character file.

963 M4edhros the Covert (level 8, -8/48 HPs)
             Began as an Octopode Artificer on May 7, 2016.
             Was a Follower of Cheibriados.
             Mangled by Vidiiot's ghost (14 damage)
             ... on level 7 of the Dungeon.
             The game lasted 00:07:54 (2797 turns).

M4edhros the Covert (Octopode Artificer)            Turns: 2797, Time: 00:07:54

Health: -8/48      AC:  1    Str: 19    XL:     8   Next: 15%
Magic:  10/10      EV: 18    Int: 16    God:    Cheibriados [*.....]
Gold:   81         SH:  0    Dex: 21    Spells: 0 memorised, 7 levels left

rFire  . . .     SeeInvis +       - Unarmed
rCold  . . .     Gourm    .     (no shield)
rNeg   . . .     Faith    .     (helmet restricted)
rPois  .         Spirit   .     (no amulet)
rElec  .         Dismiss  .     t - +6 ring of strength
rCorr  .         Reflect  .     x - ring of see invisible
SustAt .         Harm     .     (no ring)
MR     .....                    (no ring)
Stlth  ++++......               (no ring)
                                (no ring)
                                (no ring)
                                (no ring)

@: confused, agile, very slow, not resistant to hostile enchantments, stealthy
A: almost no armour, amphibious, 8 rings, constrict 8, camouflage 1, gelatinous
body 1
a: Bend Time, Renounce Religion


You were on level 7 of the Dungeon.
You worshipped Cheibriados.
Cheibriados was aware of your devotion.
You were hungry.

You visited 1 branch of the dungeon, and saw 7 of its levels.

You collected 195 gold pieces.
You spent 114 gold pieces at shops.

Inventory:

Hand Weapons
 a - a +0 short sword
 e - a +1 dagger of flaming
Jewellery
 t - a +6 ring of strength (left tentacle)
 x - a ring of see invisible (right tentacle)
Wands
 b - a wand of flame (1/48)
 c - a wand of enslavement (7/24)
 d - a wand of random effects (15/48)
 v - a wand of iceblast (8/15)
Scrolls
 g - a scroll of fog {unknown}
 h - 2 scrolls of fear {unknown}
 i - 5 scrolls of identify {unknown}
 l - a scroll of teleportation {unknown}
 m - 2 scrolls of remove curse {unknown}
 o - a scroll of blinking {unknown}
 p - 2 scrolls of immolation {unknown}
 r - a scroll of enchant weapon {unknown}
 w - a scroll of recharging {unknown}
Potions
 j - 2 potions of heal wounds
 k - a potion of curing
Comestibles
 f - 6 bread rations
 n - 2 slices of pizza
 q - a royal jelly
 z - a meat ration
 B - 8 fruits


   Skills:
 - Level 1.0 Fighting
 - Level 1.0 Short Blades
 - Level 2.0 Dodging
 - Level 9.2 Stealth
 + Level 6.2 Unarmed Combat
 - Level 3.2 Evocations


You had 7 spell levels left.
You didn't know any spells.

Dungeon Overview and Level Annotations

Branches:
Dungeon (7/15)
 Temple: D:4-7

Altars:
Ashenzari
Cheibriados
Makhleb
Qazlal
Sif Muna

Shops:
D:5 !   D:6 =   D:7 (

Annotations:
D:4 Dowan, Duvessa
D:7 Vidiiot's ghost, novice HOGl


Innate Abilities, Weirdness & Mutations

You cannot wear most types of armour.
You are amphibious.
You can wear up to eight rings at the same time.
You can use your tentacles to constrict eight enemies at once.
Your skin changes colour to match your surroundings (Stealth).
Your rubbery body absorbs attacks (AC +1).


Message History

Vidiiot's ghost is lightly damaged.
Vidiiot's ghost misses you.
You tentacle-slap Vidiiot's ghost. Your squeeze misses Vidiiot's ghost.
Vidiiot's ghost is lightly damaged.
Vidiiot's ghost hits you!
Drink which item? (? for menu, Esc to quit)
It was a potion of cure mutation.
It has a very clean taste.
You feel agile.
You no longer feel cold resistant.
You feel genetically stable.
The orc shouts!
You hear a shout!
Vidiiot's ghost hits you.
An orc warrior comes into view. It is wielding a halberd.
Drink which item? (? for menu, Esc to quit)
It was a potion of ambrosia.
You are confused.
You feel invigorated. Vidiiot's ghost hits you!
The orc warrior moves out of view.
Vidiiot's ghost hits you!
* * * LOW HITPOINT WARNING * * *
Vidiiot's ghost whispers, "It is all a dream - a grotesque and foolish dream."
Vidiiot's ghost hits you!
You die...

## #. #.. #.#
###.# # #..
...##.# .. #....
##.## #..#
#..∩###.# #<.#
#.#Wo...#
#..##########.@.#
#..........###.##
##..######.###.#
#..######.#...#
###............##
#........##)#.##
#†.#####.##.#.#
##..# # ##.#.#
....# #.##.#.#


You could see Vidiiot's ghost and an orc.

Vanquished Creatures
  2 sky beasts (D:6)
  An orc warrior (D:6)
  An ice beast (D:5)
  2 giant frogs
  A wyvern skeleton (D:7)
  A howler monkey (D:5)
  2 centaur skeletons (D:5)
  3 hounds
  3 worker ants
  2 orc wizards
  6 adders
  A shadow imp (D:5)
  2 worms
  A dart slug (D:1)
  3 giant geckos
  8 orcs
  4 giant cockroaches
  A goblin (D:1)
  3 hobgoblins
  9 jackals
  4 bats
  A giant gecko skeleton (D:4)
  A giant newt (D:3)
  A jackal skeleton (D:6)
  3 kobolds
  4 rats (D:1)
70 creatures vanquished.

Notes
Turn   | Place    | Note
--------------------------------------------------------------
     0 | D:1      | M4edhros the Octopode Artificer began the quest for the Orb.
     0 | D:1      | Reached XP level 1. HP: 13/13 MP: 3/3
    35 | D:1      | Reached skill level 2 in Stealth
    74 | D:1      | Reached skill level 3 in Stealth
    74 | D:1      | Reached XP level 2. HP: 6/18 MP: 4/4
   407 | D:1      | Reached skill level 4 in Stealth
   428 | D:1      | You fall through a shaft!
   431 | D:2      | Reached XP level 3. HP: 23/23 MP: 5/5
   776 | D:2      | Found a deep blue altar of Sif Muna.
  1040 | D:3      | Reached skill level 5 in Stealth
  1055 | D:4      | Reached XP level 4. HP: 13/28 MP: 6/6
  1061 | D:4      | Reached skill level 6 in Stealth
  1086 | D:5      | Entered Level 5 of the Dungeon
  1182 | D:5      | Noticed an ice beast
  1195 | D:5      | Killed an ice beast
  1195 | D:5      | Reached skill level 8 in Stealth
  1195 | D:5      | Reached XP level 5. HP: 22/33 MP: 7/7
  1303 | D:5      | Reached XP level 6. HP: 17/38 MP: 8/8
  1459 | D:5      | Found a burning altar of Makhleb.
  1466 | D:5      | Reached skill level 9 in Stealth
  1665 | D:4      | Noticed a phantom
  1967 | D:3      | Found a stormy altar of Qazlal.
  1967 | D:3      | Found a snail-covered altar of Cheibriados.
  2102 | D:3      | Became a worshipper of Cheibriados the Contemplative
  2210 | D:4      | Noticed Dowan
  2215 | D:4      | Noticed Duvessa
  2237 | D:5      | Reached skill level 1 in Unarmed Combat
  2248 | D:5      | Reached XP level 7. HP: 32/43 MP: 9/9
  2308 | D:5      | Found Ciqucvukh's Distillery.
  2317 | D:5      | Bought a potion of lignification for 36 gold pieces
  2317 | D:5      | Bought a potion of mutation for 30 gold pieces
  2317 | D:5      | Bought a potion of agility for 48 gold pieces
  2317 | D:5      | Gained mutation: Your flesh is cold resistant. [potion of mutation]
  2317 | D:5      | Gained mutation: You are clumsy. (Dex -2) [potion of mutation]
  2317 | D:5      | Gained mutation: You evolve. [potion of mutation]
  2507 | D:6      | Reached * piety under Cheibriados
  2533 | D:6      | Found Zuilyets's Jewellery Emporium.
  2604 | D:6      | Reached skill level 5 in Unarmed Combat
  2609 | D:6      | Reached XP level 8. HP: 48/48 MP: 10/10
  2717 | D:7      | Noticed Vidiiot's ghost (novice HOGl)
  2739 | D:7      | Found a shattered altar of Ashenzari.
  2785 | D:7      | Found Jupsulas's Antique Weapon Shop.
  2795 | D:7      | Lost mutation: You are clumsy. (Dex -2) [potion of cure mutation]
  2795 | D:7      | Lost mutation: Your flesh is cold resistant. [potion of cure mutation]
  2795 | D:7      | Lost mutation: You evolve. [potion of cure mutation]
  2797 | D:7      | Mangled by Vidiiot's ghost

Skill      XL: |  1  2  3  4  5  6  7  8 |
---------------+-------------------------+-----
Stealth        | 3 4 5 8 9 |  9.2
Unarmed Combat | 2 5 6 |  6.2
Fighting       | |  1.0
Short Blades   | |  1.0
Dodging        | |  2.0
Evocations     | |  3.2

Action                   |  1- 3 |  4- 6 |  7- 9 || total
-------------------------+-------+-------+-------++-------
Melee: Short sword       |    60 |     7 |       ||    67
       Constrict         |    17 |    18 |     5 ||    40
       Tentacles         |    11 |    14 |     8 ||    33
       Dagger            |       |    36 |       ||    36
       Unarmed           |       |    17 |    47 ||    64
       Punch             |       |     1 |     1 ||     2
Evoke: Wand              |       |    14 |     8 ||    22
  Use: Potion            |     1 |     4 |    11 ||    16
 Stab: Sleeping          |    15 |     2 |     5 ||    22
       Distracted        |       |       |     2 ||     2
  Eat: Chunk             |       |     4 |     2 ||     6
Armor: Skin              |     7 |     2 |    17 ||    26
Dodge: Dodged            |    34 |    46 |    17 ||    97
